 Dungeon Crawl Stone Soup version 0.23.1-37-gaa34b87 (webtiles) character file.

Game seed: 15398218885214414788

21700 Fang the Fighter (level 12, -11/121 HPs)
             Began as a Gargoyle Berserker on Mar 26, 2019.
             Was an Elder of Trog.
             Mangled by a minotaur
             ... wielding a +0 long sword
              (16 damage)
             ... in a Gauntlet.
             The game lasted 00:24:18 (15279 turns).

Fang the Fighter (Gargoyle Berserker)              Turns: 15279, Time: 00:24:18

Health: -11/121    AC: 29    Str: 31    XL:     12   Next: 92%
Magic:  12/12      EV: 12    Int: 13    God:    Trog [****..]
Gold:   1120       SH:  0    Dex:  9    Spells: 11/11 levels left

rFire    . . .     SeeInvis .   j - +7 battleaxe (venom)
rCold    . . .     Gourm    +   (shield currently unavailable)
rNeg     + . .     Faith    .   E - +4 plate armour
rPois    ∞         Spirit   .   (no helmet)
rElec    +         Reflect  .   (no cloak)
rCorr    +         Harm     .   (no gloves)
MR       .....     NoTele   +   (no boots)
Stlth    ..........             b - amulet of the gourmand
HPRegen  0.30/turn              l - ring "Kajumeu" {+Inv AC+1 Str+2 Int+3}
MPRegen  0.13/turn              J - ring of resist corrosion

@: berserking, very quick
A: negative energy resistance 1, electricity resistance, unbreathing,
petrification resistance, rot immunity, AC +8
a: Berserk, Trog's Hand, Brothers in Arms, Renounce Religion, Evoke Invisibility


You were in a Gauntlet.
You worshipped Trog.
Trog was greatly pleased with you.
You were not hungry.

You visited 4 branches of the dungeon, and saw 14 of its levels.
You also visited: Sewer, Ossuary and Gauntlet.

You collected 1120 gold pieces.

Inventory:

Hand Weapons
 j - a +7 battleaxe of venom (weapon)
 o - a +0 war axe of chopping
 F - a +0 antimagic battleaxe
Armour
 E - a +4 plate armour (worn)
 K - the +1 scale mail of Brilliance {MP+9}
   (You found it on level 11 of the Dungeon)

   It affects your magic capacity (+9).
Jewellery
 b - an amulet of the gourmand (around neck)
 h - a +6 amulet of reflection
 l - the ring "Kajumeu" (left hand) {+Inv AC+1 Str+2 Int+3}
   (You found it on level 8 of the Dungeon)

   [ring of protection]

   It affects your AC (+1).
   It affects your strength (+2).
   It affects your intelligence (+3).
   It lets you turn invisible.
 s - a +3 ring of dexterity
 v - the ring "Meipreff" {Wiz *Slow +Blink Dex+5, unknown}
   (You found it in a Gauntlet)

   [ring of wizardry]

   It improves your spell success rate.
   It affects your dexterity (+5).
   It lets you blink.
   It may slow you when you take damage.
 H - an uncursed ring of protection from magic
 J - a ring of resist corrosion (right hand)
Wands
 n - a wand of random effects (17)
 q - a wand of disintegration (20)
 x - a wand of enslavement (26)
 y - a wand of paralysis (18)
 A - a wand of flame (27)
Scrolls
 a - 2 scrolls of remove curse
 e - 3 scrolls of blinking
 g - 4 scrolls of magic mapping
 p - 2 scrolls of fog
 w - 8 scrolls of teleportation
 G - a scroll of fear
Potions
 d - 2 potions of resistance {unknown}
 f - 4 potions of agility
 i - a potion of ambrosia
 k - 9 potions of heal wounds
 m - 2 potions of brilliance
 r - 3 potions of curing
 t - 3 potions of magic {unknown}
 u - 3 potions of might
 z - 3 potions of mutation
 C - 4 potions of haste
 D - a potion of cancellation
 I - 3 potions of flight {unknown}
Comestibles
 c - 25 rations


   Skills:
 + Level 11.9 Fighting
 + Level 10.2 Axes
 + Level 11.7 Armour
 + Level 9.2 Dodging


You had 11 spell levels left.
You didn't know any spells.
Your spell library was empty.

Dungeon Overview and Level Annotations

Branches:
Dungeon (11/15)            Temple (1/1) D:4            Lair (1/6) D:8
    Orc (1/2) D:9

Altars:
Ashenzari
Cheibriados
Dithmenos
Elyvilon
Gozag
Hepliaklqana
Kikubaaqudgha
Makhleb
Nemelex Xobeh
Okawaru
Qazlal
Sif Muna
Vehumet
Wu Jian
Xom
Zin
The Shining One
Beogh

Shops:
D:9 *   D:11 *

Annotations:
D:8 2 transporters Gauntlet 2 transporters


Innate Abilities, Weirdness & Mutations

You are resistant to torment.
Your stone body is resilient. (AC +8)
You are immune to poison.
You resist negative energy. (rN+)
You are resistant to electric shocks. (rElec)
You can survive without breathing.
You are immune to petrification.
You are immune to rotting.


Message History

You feel yourself moving faster!
You feel mighty!
You feel a lot more hungry.
The minotaur hits you but does no damage.
The minotaur gores you but does no damage.
You closely miss the minotaur.
The minotaur furiously retaliates!
The minotaur headbutts you, but does no damage.
The minotaur is severely wounded.
The minotaur hits you with a +0 long sword!
* * * LOW HITPOINT WARNING * * *
The minotaur gores you but does no damage.
You closely miss the minotaur.
The minotaur is severely wounded.
You slash the minotaur!
The minotaur looks as sick as possible!
The minotaur is almost dead.
The minotaur hits you with a +0 long sword!!
* * * LOW HITPOINT WARNING * * *
The minotaur completely misses you.
You hit the minotaur.
The minotaur looks as sick as possible!
The minotaur is almost dead.
The minotaur hits you with a +0 long sword!
You die...

### #.. #.. .. #.#
##.. ≈.. #.#
....###..
#######.##.##....#..
#≈≈≈#.#....##...©#..
#≈≈.#.#.##.##....#.∩
#≈H@(((.##.......#..
#≈≈.#.#.##.##...©#..
#≈≈≈#.#....##....#..
#######.##.##..###..
#.##.....##≈..
#.##.##..###§.
#....##..##§..
#######..###§.
#####≈..


You could see a minotaur.

Vanquished Creatures
  A hydra (Lair:1)
  Harold (D:7)
  2 two-headed ogres
  Urug (D:11)
  2 sixfirhies (Gauntlet)
  5 skeletal warriors (D:11)
  An unseen horror (D:10)
  A necromancer (Gauntlet)
  The ghost of 0gre the Slasher, a novice MiBe of Trog (D:5)
  Psyche (D:9)
  A gargoyle (D:11)
  2 rime drakes (D:11)
  A komodo dragon (Lair:1)
  A hornet (D:11)
  A troll (D:11)
  2 hippogriffs
  9 yaks
  A wyvern (D:9)
  Grum (D:6)
  A hungry ghost (D:11)
  Menkaure (D:4)
  2 water moccasins
  3 porcupines (Lair:1)
  An ice beast (D:7)
  2 sky beasts (D:11)
  4 orc warriors
  2 necrophages
  3 wolves (D:6)
  An eye of draining (D:11)
  7 ogres
  8 centaurs
  A crocodile (D:11)
  2 big kobolds
  7 bullfrogs
  3 gnoll sergeants (D:6)
  4 scorpions
  6 killer bees (D:11)
  3 electric eels (D:6)
  3 wights (D:6)
  6 howler monkeys
  7 crimson imps
  2 jellies
  A quasit (D:6)
  10 hounds
  4 orc priests
  A bullfrog skeleton (D:6)
  An orc wizard (D:9)
  2 gnoll shamans (D:6)
  An iguana (D:6)
  14 worker ants
  A hound skeleton (D:6)
  8 mummies (Ossuary)
  A howler monkey zombie (D:5)
  A worker ant zombie (D:8)
  17 adders
  30 gnolls
  2 river rats (D:3)
  3 shadow imps
  7 ufetubi (Gauntlet)
  2 oozes (D:3)
  An adder skeleton (D:8)
  2 worms
  2 dart slugs
  8 leopard geckos
  23 orcs
  4 ball pythons
  16 giant cockroaches
  6 goblins
  6 hobgoblins
  5 jackals (D:6)
  2 quokkas
  4 bats
  9 frilled lizards
  A gnoll zombie (Ossuary)
  7 hobgoblin zombies
  19 kobolds
  3 kobold skeletons (D:6)
  3 kobold zombies
  2 orc skeletons (D:6)
  An orc zombie (Ossuary)
  4 rats
  2 withered plants (Gauntlet)
350 creatures vanquished.

Vanquished Creatures (collateral kills)
  2 hydras (Lair:1)
  6 death yaks (Gauntlet)
  A spiny frog (Lair:1)
  2 orc warriors (D:9)
  An orc priest (D:9)
  6 orcs (D:9)
  A withered plant (Gauntlet)
19 creatures vanquished.

Vanquished Creatures (others)
  A gnoll (D:6)
  7 withered plants (Gauntlet)
8 creatures vanquished.

Grand Total: 377 creatures vanquished

Notes
Turn   | Place    | Note
-------+----------+-------------------------------------------
     0 | D:1      | Fang the Gargoyle Berserker began the quest for the Orb.
     0 | D:1      | Reached XP level 1. HP: 14/14 MP: 1/1
   350 | D:1      | Reached XP level 2. HP: 13/19 MP: 2/2
   826 | D:2      | Found an ornate altar of the Wu Jian Council.
   836 | D:2      | Found a shattered altar of Ashenzari.
   887 | D:2      | Reached XP level 3. HP: 21/23 MP: 3/3
   922 | D:2      | Reached ** piety under Trog
   933 | D:2      | Reached XP level 4. HP: 11/29 MP: 4/4
  1272 | D:2      | Found a faded altar of an unknown god.
  1551 | D:3      | Found a glowing drain.
  1583 | Sewer    | Entered a sewer
  1595 | Sewer    | Reached XP level 5. HP: 18/33 MP: 5/5
  2051 | Sewer    | Reached XP level 6. HP: 39/39 MP: 6/6
  3102 | D:3      | Reached *** piety under Trog
  3684 | D:4      | Reached skill level 5 in Fighting
  3702 | D:4      | Reached XP level 7. HP: 17/44 MP: 7/7
  4020 | D:4      | Noticed Menkaure
  4028 | D:4      | Killed Menkaure
  4692 | D:4      | Found a staircase to the Ecumenical Temple.
  4763 | D:4      | Found a shimmering altar of Xom.
  4791 | D:4      | Found a stormy altar of Qazlal.
  4856 | Temple   | Entered the Ecumenical Temple
  5127 | D:5      | Entered Level 5 of the Dungeon
  5171 | D:5      | Found a runed translucent door.
  5171 | D:5      | Noticed 0gre's ghost (novice MiBe)
  5216 | D:5      | Reached skill level 5 in Armour
  5295 | D:5      | Reached XP level 8. HP: 14/51 MP: 8/8
  5642 | D:5      | Reached skill level 5 in Axes
  5681 | D:5      | Found a hazy altar of Hepliaklqana.
  6002 | D:5      | Killed 0gre's ghost
  6111 | D:6      | Reached **** piety under Trog
  6157 | D:6      | Reached XP level 9. HP: 11/56 MP: 9/9
  6315 | D:6      | Reached skill level 5 in Dodging
  6512 | D:6      | Found a snail-covered altar of Cheibriados.
  6545 | D:6      | Found a glowing golden altar of the Shining One.
  6653 | D:6      | Found a sand-covered staircase.
  6661 | Ossuary  | Entered an ossuary
  6725 | Ossuary  | Reached ***** piety under Trog
  7448 | D:6      | Found a glowing silver altar of Zin.
  7675 | D:6      | HP: 4/88 [gnoll sergeant/+0 spear of venom (3)]
  7996 | D:6      | Received a gift from Trog
  8045 | D:6      | Reached XP level 10. HP: 25/64 MP: 3/10
  8253 | D:6      | Noticed Grum
  8258 | D:6      | Killed Grum
  8329 | D:6      | Found a white marble altar of Elyvilon.
  8422 | D:6      | Found a sparkling altar of Nemelex Xobeh.
  8423 | D:6      | Found a shadowy altar of Dithmenos.
  8705 | D:7      | Noticed Harold
  8720 | D:7      | Killed Harold
  9393 | D:7      | Found a burning altar of Makhleb.
  9394 | D:7      | Found a radiant altar of Vehumet.
  9547 | D:7      | Found an opulent altar of Gozag.
  9771 | D:8      | Found a transporter.
  9784 | D:8      | Noticed a kobold demonologist
  9792 | D:8      | Found a transporter.
  9802 | D:8      | Noticed a kobold demonologist
  9804 | D:8      | Found a staircase to the Lair.
 10086 | D:8      | Noticed a two-headed ogre
 10097 | D:8      | Killed a two-headed ogre
 10501 | D:8      | Found a deep blue altar of Sif Muna.
 10581 | D:8      | Got a bound wooden ring
 10608 | D:9      | Identified the ring "Kajumeu" {+Inv AC+1 Str+2 Int+3} (You
                  | found it on level 8 of the Dungeon)
 10670 | D:9      | Found an ancient bone altar of Kikubaaqudgha.
 10713 | D:9      | Found Sosaikew's General Store.
 10766 | D:9      | Found a roughly hewn altar of Beogh.
 10766 | D:9      | Found a staircase to the Orcish Mines.
 10781 | D:9      | Reached XP level 11. HP: 41/71 MP: 3/11
 10922 | D:9      | Noticed a two-headed ogre
 10928 | D:9      | Killed a two-headed ogre
 11307 | D:9      | Noticed Psyche
 11318 | D:9      | Killed Psyche
 11318 | D:9      | Reached skill level 10 in Fighting
 11406 | D:9      | Found an iron altar of Okawaru.
 11503 | Orc:1    | Entered Level 1 of the Orcish Mines
 11595 | D:10     | Entered Level 10 of the Dungeon
 11689 | D:10     | Found a sparkling altar of Nemelex Xobeh.
 12039 | D:10     | Killed an unseen horror
 12476 | D:11     | Received a gift from Trog
 12542 | D:11     | Noticed Urug
 12548 | D:11     | Reached skill level 10 in Armour
 12558 | D:11     | Killed Urug
 12851 | D:11     | Got a faintly glowing scale mail
 12862 | D:11     | Identified the cursed +1 scale mail of Brilliance {MP+9}
                  | (You found it on level 11 of the Dungeon)
 12912 | D:11     | Found Faska's Assorted Antiques.
 12949 | D:11     | Found a frozen archway.
 13134 | D:11     | Noticed a skeletal warrior
 13134 | D:11     | Noticed a skeletal warrior
 13134 | D:11     | Noticed a skeletal warrior
 13135 | D:11     | Noticed a skeletal warrior
 13135 | D:11     | Noticed a skeletal warrior
 13143 | D:11     | Killed a skeletal warrior
 13148 | D:11     | Killed a skeletal warrior
 13148 | D:11     | Reached XP level 12. HP: 75/79 MP: 12/12
 13156 | D:11     | HP: 4/80 [skeletal warrior/+2 scimitar of freezing[a
                  | skeletal warrior] (9)]
 13811 | D:11     | Found a sparkling altar of Nemelex Xobeh.
 14005 | Lair:1   | Entered Level 1 of the Lair of Beasts
 14042 | Lair:1   | Noticed a five-headed hydra
 14053 | Lair:1   | Killed a six-headed hydra
 14346 | Lair:1   | Noticed an eight-headed hydra
 14351 | Lair:1   | Killed an eight-headed hydra
 14397 | Lair:1   | Noticed a six-headed hydra
 14415 | Lair:1   | Killed a 12-headed hydra
 14478 | Lair:1   | Found a gate leading to a gauntlet.
 14498 | Gauntlet | Entered a Gauntlet
 14498 | Gauntlet | Found a transporter.
 14498 | Gauntlet | Found a transporter.
 14498 | Gauntlet | Found a transporter.
 14796 | Gauntlet | Found a transporter.
 15019 | Gauntlet | Found a transporter.
 15019 | Gauntlet | Found a transporter.
 15029 | Gauntlet | Reached skill level 10 in Axes
 15180 | Gauntlet | Noticed a death yak
 15181 | Gauntlet | Noticed a death yak
 15181 | Gauntlet | Noticed a death yak
 15181 | Gauntlet | Noticed a death yak
 15181 | Gauntlet | Noticed a death yak
 15181 | Gauntlet | Found a transporter.
 15183 | Gauntlet | Noticed a death yak
 15185 | Gauntlet | Killed a death yak
 15187 | Gauntlet | Killed a death yak
 15190 | Gauntlet | Killed a death yak
 15194 | Gauntlet | Killed a death yak
 15202 | Gauntlet | Killed a death yak
 15204 | Gauntlet | Killed a death yak
 15246 | Gauntlet | Got a bound golden ring
 15249 | Gauntlet | Found a transporter.
 15263 | Gauntlet | Noticed a minotaur
 15278 | Gauntlet | HP: 5/121 [minotaur/+0 long sword (23)]
 15279 | Gauntlet | Mangled by a minotaur

Skill      XL: |  1  2  3  4  5  6  7  8  9 10 11 12 |
---------------+-------------------------------------+-----
Axes           | 3 4 5 6 8 9 10 | 10.2
Dodging        | 2 3 4 5 7 8 9 |  9.2
Armour         | 3 4 5 6 7 9 10 11 | 11.7
Fighting       | 4 5 6 8 9 10 11 | 11.9

Action                   |  1- 3 |  4- 6 |  7- 9 | 10-12 || total
-------------------------+-------+-------+-------+-------++-------
Melee: Hand axe          |    86 |       |       |       ||    86
       War axe           |       |   287 |   401 |       ||   688
       Battleaxe         |       |       |    16 |   536 ||   552
Invok: Berserk           |     1 |     1 |     7 |    10 ||    19
       Trog's Hand       |       |       |       |     3 ||     3
       Brothers in Arms  |       |       |       |     6 ||     6
  Use: Potion            |       |       |     1 |     2 ||     3
       Scroll            |       |       |       |    23 ||    23
  Eat: Chunk             |     1 |    10 |    15 |    53 ||    79
       Ration            |       |       |     2 |       ||     2
Armor: Animal skin       |    14 |       |       |       ||    14
       Scale mail        |    34 |   109 |       |       ||   143
       Chain mail        |       |    85 |   386 |   157 ||   628
       Plate armour      |       |       |       |   388 ||   388
Dodge: Dodged            |    65 |   180 |   322 |   354 ||   921
